 Dungeon Crawl Stone Soup version 0.21-a0-525-ga34b322 (webtiles) character file.

107 slep the Chopper (level 4, -4/34 HPs)
             Began as a Demonspawn Gladiator on Dec 8, 2017.
             Slain by a gnoll
             ... wielding a +2 halberd of freezing
              (7 damage)
             ... on level 3 of the Dungeon.
             The game lasted 00:03:32 (1757 turns).

slep the Chopper (Demonspawn Gladiator)             Turns: 1757, Time: 00:03:32

Health: -4/34      AC:  9    Str: 15    XL:     4   Next: 57%
Magic:  4/4        EV: 13    Int:  9    God:
Gold:   87         SH:  0    Dex: 15    Spells: 3/3 levels left

rFire    + . .     SeeInvis .   a - +0 war axe
rCold    . . .     Gourm    .   (no shield)
rNeg     . . .     Faith    .   k - +1 leather armour {rPois}
rPois    +         Spirit   .   c - +0 helmet
rElec    .         Reflect  .   t - +1 cloak
rCorr    .         Harm     .   (no gloves)
MR       .....                  (no boots)
Stlth    +.........             (no amulet)
HPRegen  0.11/turn              (no ring)
MPRegen  0.09/turn              (no ring)

@: no status effects
A: yellow scales 1, fire resistance 1
a: no special abilities


You were on level 3 of the Dungeon.
You were hungry.

You visited 1 branch of the dungeon, and saw 3 of its levels.

You collected 87 gold pieces.

Inventory:

Hand Weapons
 a - a +0 war axe (weapon)
Missiles
 d - 3 throwing nets (quivered)
Armour
 b - a +0 leather armour
 c - a +0 helmet (worn)
 k - a +1 leather armour of poison resistance (worn)
 t - a +1 cloak (worn)
Jewellery
 g - an uncursed ring of ice
 i - an uncursed ring of protection from fire {unknown}
 r - an uncursed ring of see invisible {unknown}
Scrolls
 e - 2 scrolls of teleportation {unknown}
 l - 3 scrolls of identify {unknown}
 m - a scroll of amnesia {unknown}
 n - a scroll of immolation {unknown}
 q - a scroll of remove curse {unknown}
 s - a scroll of enchant weapon {unknown}
Potions
 h - a potion of heal wounds {unknown}
 o - 2 potions of mutation {unknown}
Comestibles
 f - a bread ration
 j - 2 meat rations
 p - 2 fruits


   Skills:
 + Level 2.6 Fighting
 + Level 4.0 Axes
 + Level 1.8 Throwing
 + Level 0.4 Armour
 + Level 3.2 Dodging
 + Level 0.4 Stealth


You had 3 spell levels left.
You didn't know any spells.

Dungeon Overview and Level Annotations

Branches:
Dungeon (3/15)

Altars:


Innate Abilities, Weirdness & Mutations

You are partially covered in yellow scales. (AC +2)
Your flesh is heat resistant. (rF+)


Message History

The gnoll freezes you.
* * * LOW HITPOINT WARNING * * *
The gnoll hits you with a halberd of freezing.
* * * LOW HITPOINT WARNING * * *
The gnoll freezes you.
* * * LOW HITPOINT WARNING * * *
You see here a spear.
You hit the gnoll.
The gnoll is heavily wounded.
The gnoll closely misses you.
You barely miss the gnoll.
The gnoll is heavily wounded.
The gnoll barely misses you.
You hit the gnoll.
The gnoll is severely wounded.
The gnoll barely misses you.
You barely miss the gnoll.
The gnoll is severely wounded.
The gnoll hits you with a halberd of freezing!
You die...

# # .#
.>..###########..#
.......g@).......#
.....###########.#
... .


You could see a gnoll.

Vanquished Creatures
  3 gnolls
  2 adders (D:2)
  An ooze (D:2)
  3 worms (D:2)
  3 dart slugs
  2 bats (D:1)
  8 hobgoblins
  3 jackals (D:2)
  2 kobolds (D:2)
  A quokka (D:2)
  2 frilled lizards (D:2)
  6 goblins
  7 rats
43 creatures vanquished.

Vanquished Creatures (others)
  A bat (D:3)
1 creature vanquished.

Grand Total: 44 creatures vanquished

Notes
Turn   | Place    | Note
-------+----------+-------------------------------------------
     0 | D:1      | slep the Demonspawn Gladiator began the quest for the Orb.
     0 | D:1      | Reached XP level 1. HP: 16/16 MP: 1/1
   265 | D:1      | Reached skill level 3 in Axes
   265 | D:1      | Gained mutation: You are partially covered in yellow scales. (AC +2) [demonic ancestry]
   265 | D:1      | Reached XP level 2. HP: 14/22 MP: 2/2
   894 | D:2      | Gained mutation: Your flesh is heat resistant. (rF+) [demonic ancestry]
   894 | D:2      | Reached XP level 3. HP: 24/28 MP: 3/3
  1307 | D:2      | Reached XP level 4. HP: 26/34 MP: 4/4
  1752 | D:3      | Reached skill level 4 in Axes
  1757 | D:3      | Slain by a gnoll

Vault maps used:
D:1:      dpeg_arrival_short_road, grunt_decor_arrowhead
D:2:      kennysheep_generic_room_12
D:3:      fiery_altar_vehumet

Skill      XL: |  1  2  3  4 |
---------------+-------------+-----
Axes           | 3 4 |  4.0
Dodging        | 3 |  3.2
Fighting       | |  2.6
Throwing       | |  1.8
Armour         | |  0.4
Stealth        | |  0.4

Action                   |  1- 3 |  4- 6 || total
-------------------------+-------+-------++-------
Melee: War axe           |   102 |    32 ||   134
 Stab: Sleeping          |     1 |       ||     1
  Eat: Chunk             |     1 |     1 ||     2
Armor: Leather armour    |    40 |     5 ||    45
Dodge: Dodged            |    75 |    28 ||   103

Table legend:
 A = Spawn XP
 B = Non-spawn XP
 C = Spawn XP percentage of total XP
 D = Spawn monster count
 E = Non-spawn monster count
 F = Spawn count percentage of total count
 G = Total turns spent on level
                    A         B        C        D         E        F      G
               +---------+---------+-------+---------+---------+-------+---------
         Total |       0 |     154 |   0.0 |       0 |      43 |   0.0 |  1757
               +---------+---------+-------+---------+---------+-------+---------
           D:1 |       0 |      32 |   0.0 |       0 |      12 |   0.0 |   773
           D:2 |       0 |      93 |   0.0 |       0 |      29 |   0.0 |   959
           D:3 |       0 |      29 |   0.0 |       0 |       2 |   0.0 |    25
               +---------+---------+-------+---------+---------+-------+---------
